TOP OF THE 1ST |
Tremont Doubledays batting - Pitching for Tortolita Drummers : RHP Ricky Jackson
|
Pitching: RHP Ricky Jackson
|
|
Batting: RHB Pedro Cruz
|
0-0: Ball 1-0: Ball 2-0: Foul Ball, location: 2F 2-1: Called Strike 2-2: Ground out 4-3 (Groundball, 4)
|
Batting: RHB Jim Unknown
|
0-0: Called Strike 0-1: Foul Ball, location: 2F 0-2: Foul Ball, location: 2F 0-2: Strikes out swinging
|
Batting: RHB Menno van de Vlugt
|
0-0: Foul Ball, location: 2F 0-1: SINGLE (Groundball, 25) (infield hit)
|
Batting: RHB Tim Robinson
|
0-0: Swinging Strike 0-1: Ball 1-1: Swinging Strike 1-2: Foul Ball, location: 2F 1-2: Ball 2-2: Ball 3-2: Ground out 6-3 (Groundball, 6)
|
Top of the 1st over - 0 run(s), 1 hit(s), 0 error(s), 1 left on base; Tremont 0 - Tortolita 0 |
BOTTOM OF THE 1ST |
Tortolita Drummers batting - Pitching for Tremont Doubledays : RHP Jim Unknown
|
Pitching: RHP Jim Unknown
|
|
Batting: SHB Juan Blanco
|
0-0: Ball 1-0: Ball 2-0: Foul Ball, location: 2F 2-1: Ball 3-1: Foul Ball, location: 2F 3-2: Base on Balls
|
Batting: RHB Kevin Sanderson
|
0-0: Called Strike 0-1: Foul Ball, location: 2F 0-2: Ball 1-2: Foul Ball, location: 2F 1-2: Strikes out looking
|
Batting: LHB Rick Harrison
|
0-0: Ball 1-0: Fly out, F8 (Flyball, 8RS)
|
Batting: RHB Stephen Blair
|
0-0: Fly out, F9 (Flyball, 89M)
|
Bottom of the 1st over - 0 run(s), 0 hit(s), 0 error(s), 1 left on base; Tremont 0 - Tortolita 0 |
TOP OF THE 2ND |
Tremont Doubledays batting - Pitching for Tortolita Drummers : RHP Ricky Jackson
|
Batting: LHB Jim Unknown
|
0-0: Called Strike 0-1: Ground out 4-3 (Groundball, 4)
|
Batting: RHB Jim Unknown
|
0-0: Ball 1-0: Called Strike 1-1: Foul Ball, location: 2F 1-2: Ball 2-2: Strikes out looking
|
Batting: RHB Jim Unknown
|
0-0: Swinging Strike 0-1: Swinging Strike 0-2: Foul Ball, location: 2F 0-2: Ball 1-2: Ball 2-2: Ball 3-2: Base on Balls
|
Batting: RHB Jim Harris
|
0-0: Ball 1-0: Swinging Strike 1-1: Called Strike 1-2: Foul Ball, location: 2F 1-2: Foul Ball, location: 2F 1-2: Ground out 4-3 (Groundball, 4M)
|
Top of the 2nd over - 0 run(s), 0 hit(s), 0 error(s), 1 left on base; Tremont 0 - Tortolita 0 |
BOTTOM OF THE 2ND |
Tortolita Drummers batting - Pitching for Tremont Doubledays : RHP Jim Unknown
|
Batting: SHB Dan Godwin
|
0-0: Foul Ball, location: 2F 0-1: Foul Ball, location: 2F 0-2: SINGLE (Groundball, 34S) (infield hit)
|
Batting: LHB Mitchell Hansen
|
0-0: Ball 1-0: Ball 2-0: Swinging Strike 2-1: Ball 3-1: Called Strike 3-2: Fly out, F8 (Flyball, 8LD)
|
Batting: RHB Álex Hernández
|
0-0: Grounds into double play, 6-4-3 (Groundball, 6)
|
Bottom of the 2nd over - 0 run(s), 1 hit(s), 0 error(s), 0 left on base; Tremont 0 - Tortolita 0 |
TOP OF THE 3RD |
Tremont Doubledays batting - Pitching for Tortolita Drummers : RHP Ricky Jackson
|
Batting: RHB Pedro Torrez
|
0-0: Ball 1-0: Called Strike 1-1: Ball 2-1: SINGLE (Flyball, 89S)
|
Batting: RHB Pedro Cruz
|
0-0: Ball 1-0: Fielders Choice at 2nd, 6-4 (Groundball, 6)
|
Batting: RHB Jim Unknown
|
0-0: Ball 1-0: Ball 2-0: Called Strike 2-1: Swinging Strike 2-2: Grounds into double play, 4-6-3 (Groundball, 4)
|
Top of the 3rd over - 0 run(s), 1 hit(s), 0 error(s), 0 left on base; Tremont 0 - Tortolita 0 |
BOTTOM OF THE 3RD |
Tortolita Drummers batting - Pitching for Tremont Doubledays : RHP Jim Unknown
|
Batting: LHB Gonzalo Féliz
|
0-0: Called Strike 0-1: Ball 1-1: Ball 2-1: Ball 3-1: Base on Balls
|
Batting: RHB Santo Alba
|
0-0: Called Strike 0-1: Fielders Choice at 2nd, 6-4 (Groundball, 6D)
|
Batting: SHB Juan Blanco
|
0-0: Ball 1-0: Fielders Choice at 2nd, 1-6 (Groundball, 13)
|
Batting: RHB Kevin Sanderson
|
0-0: Ball Juan Blanco steals 2nd base 1-0: Called Strike 1-1: Called Strike 1-2: Ball 2-2: Ball 3-2: Base on Balls
|
Batting: LHB Rick Harrison
|
0-0: Ball 1-0: Foul Ball, location: 2F 1-1: Ball 2-1: Ball 3-1: Swinging Strike 3-2: Foul Ball, location: 2F 3-2: Strikes out swinging
|
Bottom of the 3rd over - 0 run(s), 0 hit(s), 0 error(s), 2 left on base; Tremont 0 - Tortolita 0 |
TOP OF THE 4TH |
Tremont Doubledays batting - Pitching for Tortolita Drummers : RHP Ricky Jackson
|
Batting: RHB Menno van de Vlugt
|
0-0: Ball 1-0: Called Strike 1-1: SINGLE (Groundball, 34) (infield hit)
|
Batting: RHB Tim Robinson
|
0-0: Ball 1-0: Called Strike 1-1: Called Strike 1-2: Foul Ball, location: 2F 1-2: Ball 2-2: Fly out, F7 (Flyball, 78D)
|
Batting: LHB Jim Unknown
|
0-0: Ball 1-0: SINGLE (Line Drive, 78S) Menno van de Vlugt to second
|
Batting: RHB Jim Unknown
|
0-0: Fly out, F9 (Flyball, 9S)
|
Batting: RHB Jim Unknown
|
0-0: Swinging Strike 0-1: Ball 1-1: Ball 2-1: Ball 3-1: Swinging Strike 3-2: Foul Ball, location: 2F 3-2: Base on Balls Menno van de Vlugt to third Jim Unknown to second
|
Batting: RHB Jim Harris
|
0-0: Ball 1-0: Ball 2-0: Ball 3-0: Base on Balls Menno van de Vlugt scores Jim Unknown to third Jim Unknown to second
|
Batting: RHB Pedro Torrez
|
0-0: Ball 1-0: SINGLE (Flyball, 7LS) Jim Unknown scores Jim Unknown to third Jim Harris to second Runner from 3rd tries for Home, SAFE, no throw
|
Batting: RHB Pedro Cruz
|
0-0: Ball 1-0: Foul Ball, location: 2F 1-1: 3-RUN HOME RUN (Flyball, 8LXD), Distance : 428 ft
|
Batting: RHB Jim Unknown
|
0-0: Foul Ball, location: 2F 0-1: Swinging Strike 0-2: Reached on error, E6 (Groundball, 6)
|
Batting: RHB Menno van de Vlugt
|
0-0: SINGLE (Groundball, 5D) Jim Unknown to second
|
Batting: RHB Tim Robinson
|
0-0: Called Strike 0-1: Ball Wild Pitch! Jim Unknown to third Menno van de Vlugt to second 1-1: Foul Ball, location: 2F 1-2: Foul Ball, location: 2F 1-2: Fly out, F8 (Flyball, 8RM)
|
Top of the 4th over - 6 run(s), 5 hit(s), 1 error(s), 2 left on base; Tremont 6 - Tortolita 0 |
BOTTOM OF THE 4TH |
Tortolita Drummers batting - Pitching for Tremont Doubledays : RHP Jim Unknown
|
Batting: RHB Stephen Blair
|
0-0: Called Strike 0-1: Ball 1-1: SINGLE (Line Drive, 9LS)
|
Batting: SHB Dan Godwin
|
0-0: Fielders Choice at 2nd, 1-6 (Groundball, P)
|
Batting: LHB Mitchell Hansen
|
0-0: Ball 1-0: Called Strike 1-1: Foul Ball, location: 2F 1-2: Strikes out looking
|
Batting: RHB Álex Hernández
|
0-0: Called Strike 0-1: Ball 1-1: Ball 2-1: Called Strike 2-2: Foul Ball, location: 2F Balk! Dan Godwin to second 2-2: Ball 3-2: Foul Ball, location: 2F 3-2: Foul Ball, location: 2F 3-2: Base on Balls
|
Batting: LHB Gonzalo Féliz
|
0-0: Ball 1-0: Ball 2-0: Called Strike 2-1: Ball 3-1: Called Strike 3-2: Strikes out swinging
|
Bottom of the 4th over - 0 run(s), 1 hit(s), 0 error(s), 2 left on base; Tremont 6 - Tortolita 0 |
TOP OF THE 5TH |
Tremont Doubledays batting - Pitching for Tortolita Drummers : RHP Ricky Jackson
|
Pitching: RHP Dave Baker
|
|
Batting: LHB Jim Unknown
|
0-0: Ball 1-0: Ball 2-0: Fly out, F7 (Flyball, 7LMF)
|
Batting: RHB Jim Unknown
|
0-0: Fly out, F9 (Flyball, 9D)
|
Batting: RHB Jim Unknown
|
0-0: Ball 1-0: Called Strike 1-1: Swinging Strike 1-2: Foul Ball, location: 2F 1-2: DOUBLE (Flyball, 8RM)
|
Batting: RHB Jim Harris
|
0-0: Ball 1-0: Ball 2-0: Ball 3-0: Base on Balls
|
Batting: RHB Pedro Torrez
|
0-0: Called Strike 0-1: Ball 1-1: Ball 2-1: Swinging Strike 2-2: Ball 3-2: Foul Ball, location: 2F 3-2: Base on Balls Jim Unknown to third Jim Harris to second
|
Batting: RHB Pedro Cruz
|
0-0: Called Strike 0-1: Called Strike 0-2: Ball 1-2: GRAND SLAM HOME RUN (Flyball, 9D), Distance : 368 ft
|
Batting: RHB Jim Unknown
|
0-0: Foul Ball, location: 2F 0-1: Ball 1-1: Ball 2-1: Ball 3-1: Called Strike 3-2: Foul Ball, location: 2F 3-2: Foul Ball, location: 2F 3-2: Fly out, F4 (Line Drive, 4)
|
Top of the 5th over - 4 run(s), 2 hit(s), 0 error(s), 0 left on base; Tremont 10 - Tortolita 0 |
BOTTOM OF THE 5TH |
Tortolita Drummers batting - Pitching for Tremont Doubledays : RHP Jim Unknown
|
Batting: RHB Santo Alba
|
0-0: Called Strike 0-1: Ball 1-1: Called Strike 1-2: Ball 2-2: DOUBLE (Line Drive, 78M)
|
Batting: SHB Juan Blanco
|
0-0: Foul Ball, location: 2F 0-1: Ball 1-1: SINGLE (Line Drive, 89S) Santo Alba to third
|
Batting: RHB Kevin Sanderson
|
0-0: Swinging Strike 0-1: Ball 1-1: Swinging Strike 1-2: Strikes out looking
|
Batting: LHB Rick Harrison
|
0-0: Ball Juan Blanco steals 2nd base 1-0: Called Strike 1-1: Ball 2-1: Called Strike 2-2: Foul Ball, location: 2F 2-2: Foul Ball, location: 2F 2-2: Ball 3-2: Fly out, F8 (Flyball, 89M) Runner from 3rd tags up, SCORES, no throw
|
Batting: RHB Stephen Blair
|
0-0: Ball 1-0: Ball 2-0: Ball 3-0: Called Strike 3-1: Base on Balls
|
Batting: SHB Dan Godwin
|
0-0: Ball 1-0: Called Strike 1-1: Swinging Strike 1-2: Foul Ball, location: 2F 1-2: Fly out, F7 (Flyball, 78M)
|
Bottom of the 5th over - 1 run(s), 2 hit(s), 0 error(s), 2 left on base; Tremont 10 - Tortolita 1 |
TOP OF THE 6TH |
Tremont Doubledays batting - Pitching for Tortolita Drummers : RHP Dave Baker
|
Pitching: LHP Jeremy Petty
|
|
Batting: RHB Menno van de Vlugt
|
0-0: Called Strike 0-1: Ball 1-1: Swinging Strike 1-2: Foul Ball, location: 2F 1-2: Ball 2-2: Foul Ball, location: 2F 2-2: Fly out, F9 (Flyball, 9D)
|
Batting: RHB Tim Robinson
|
0-0: Ball 1-0: Called Strike 1-1: Ball 2-1: Swinging Strike 2-2: Ball 3-2: Base on Balls
|
Batting: LHB Jim Unknown
|
0-0: Swinging Strike 0-1: Called Strike 0-2: Ball 1-2: Ball 2-2: Fly out, F7 (Flyball, 78S)
|
Batting: RHB Jim Unknown
|
0-0: Called Strike 0-1: Foul Ball, location: 2F 0-2: Fielders Choice at 2nd, 6-4 (Groundball, 6)
|
Top of the 6th over - 0 run(s), 0 hit(s), 0 error(s), 0 left on base; Tremont 10 - Tortolita 1 |
BOTTOM OF THE 6TH |
Tortolita Drummers batting - Pitching for Tremont Doubledays : RHP Jim Unknown
|
Batting: LHB Mitchell Hansen
|
0-0: Ball 1-0: Ball 2-0: Foul Ball, location: 2F 2-1: SINGLE (Flyball, 8RS)
|
Batting: RHB Álex Hernández
|
0-0: Called Strike 0-1: Foul Ball, location: 2F 0-2: Ball 1-2: Foul Ball, location: 2F 1-2: Foul Ball, location: 2F 1-2: Fly out, F6 (Line Drive, 6)
|
Pitching: LHP Jim Unknown
|
|
Batting: LHB Gonzalo Féliz
|
0-0: Called Strike 0-1: Foul Ball, location: 2F 0-2: Ball 1-2: Grounds out, U3 (Groundball, 3L)
|
Batting: RHB Santo Alba
|
0-0: Ball 1-0: Ball 2-0: Ball 3-0: Called Strike 3-1: SINGLE (Line Drive, 4D) Mitchell Hansen to third
|
Batting: SHB Juan Blanco
|
0-0: Foul Ball, location: 2F 0-1: Hit by Pitch Santo Alba to second
|
Batting: RHB Kevin Sanderson
|
0-0: Fielders Choice at 2nd, 5-4 (Groundball, 56)
|
Bottom of the 6th over - 0 run(s), 2 hit(s), 0 error(s), 2 left on base; Tremont 10 - Tortolita 1 |
TOP OF THE 7TH |
Tremont Doubledays batting - Pitching for Tortolita Drummers : LHP Jeremy Petty
|
Batting: RHB Jim Unknown
|
0-0: Fly out, F9 (Line Drive, 9S)
|
Batting: RHB Jim Harris
|
0-0: Foul Ball, location: 2F 0-1: Swinging Strike 0-2: Ball 1-2: SINGLE (Line Drive, 8RS)
|
Batting: RHB Pedro Torrez
|
0-0: Called Strike 0-1: Ball 1-1: Foul Ball, location: 2F 1-2: Ball 2-2: Ball 3-2: SINGLE (Groundball, 56D) Jim Harris to second Jim Harris to third
|
Batting: RHB Pedro Cruz
|
0-0: Called Strike 0-1: Foul Ball, location: 2F 0-2: Ball 1-2: Foul Ball, location: 2F 1-2: Ball 2-2: Foul Ball, location: 2F 2-2: Ball 3-2: Base on Balls Pedro Torrez to second
|
Pitching: RHP Jeff Cox
|
|
Batting: RHB Jim Unknown
|
0-0: Called Strike 0-1: Ball 1-1: Fly out, F7 (Flyball, 7) Runner from 3rd tags up, SCORES, throw made
|
Batting: RHB Menno van de Vlugt
|
0-0: Swinging Strike 0-1: Called Strike 0-2: Strikes out swinging
|
Top of the 7th over - 1 run(s), 2 hit(s), 0 error(s), 2 left on base; Tremont 11 - Tortolita 1 |
BOTTOM OF THE 7TH |
Tortolita Drummers batting - Pitching for Tremont Doubledays : LHP Jim Unknown
|
Batting: LHB Rick Harrison
|
0-0: Ground out U3 (Groundball, 3)
|
Batting: RHB Stephen Blair
|
0-0: Foul Ball, location: 2F 0-1: Foul Ball, location: 2F 0-2: Fly out, F8 (Flyball, 8RM)
|
Batting: SHB Dan Godwin
|
0-0: Ball 1-0: Fly out, F4 (Line Drive, 4M)
|
Bottom of the 7th over - 0 run(s), 0 hit(s), 0 error(s), 0 left on base; Tremont 11 - Tortolita 1 |
TOP OF THE 8TH |
Tremont Doubledays batting - Pitching for Tortolita Drummers : RHP Jeff Cox
|
Batting: RHB Tim Robinson
|
0-0: Called Strike 0-1: Ball 1-1: Foul Ball, location: 2F 1-2: Foul Ball, location: 2F 1-2: Strikes out swinging
|
Batting: LHB Jim Unknown
|
0-0: Ground out 4-3 (Groundball, 4)
|
Batting: RHB Jim Unknown
|
0-0: Ball 1-0: Fly out, F7 (Flyball, 7)
|
Top of the 8th over - 0 run(s), 0 hit(s), 0 error(s), 0 left on base; Tremont 11 - Tortolita 1 |
BOTTOM OF THE 8TH |
Tortolita Drummers batting - Pitching for Tremont Doubledays : LHP Jim Unknown
|
Batting: LHB Mitchell Hansen
|
0-0: Ball 1-0: Ball 2-0: SINGLE (Groundball, 56D)
|
Batting: RHB Álex Hernández
|
0-0: Grounds into double play, 5-4-3 (Groundball, 56)
|
Batting: LHB Gonzalo Féliz
|
0-0: Fly out, F5 (Line Drive, 5L)
|
Bottom of the 8th over - 0 run(s), 1 hit(s), 0 error(s), 0 left on base; Tremont 11 - Tortolita 1 |
TOP OF THE 9TH |
Tremont Doubledays batting - Pitching for Tortolita Drummers : RHP Jeff Cox
|
Batting: RHB Jim Unknown
|
0-0: Called Strike 0-1: DOUBLE (Line Drive, 78M)
|
Batting: RHB Jim Harris
|
0-0: Called Strike 0-1: Swinging Strike 0-2: Ball 1-2: Ball 2-2: Ball 3-2: Strikes out swinging
|
Batting: RHB Pedro Torrez
|
0-0: Ball 1-0: Ball 2-0: Ball 3-0: Called Strike 3-1: Foul Ball, location: 2F 3-2: Base on Balls
|
Batting: RHB Pedro Cruz
|
0-0: Ball 1-0: Ball Wild Pitch! Jim Unknown to third Pedro Torrez to second 2-0: Ball 3-0: Base on Balls
|
Batting: RHB Jim Unknown
|
0-0: Called Strike 0-1: Ball 1-1: Swinging Strike 1-2: Foul Ball, location: 2F 1-2: Strikes out swinging
|
Batting: RHB Menno van de Vlugt
|
0-0: Fielders Choice at 2nd, 6-4 (Groundball, 6)
|
Top of the 9th over - 0 run(s), 1 hit(s), 0 error(s), 2 left on base; Tremont 11 - Tortolita 1 |
BOTTOM OF THE 9TH |
Tortolita Drummers batting - Pitching for Tremont Doubledays : LHP Jim Unknown
|
Pinch Hitting: RHB Robby Thomas
|
0-0: Called Strike 0-1: Ball 1-1: Ground out 1-3 (Groundball, 13S)
|
Batting: SHB Juan Blanco
|
0-0: Ball 1-0: Foul Ball, location: 2F 1-1: Called Strike 1-2: Fly out, F8 (Flyball, 8RM)
|
Batting: RHB Kevin Sanderson
|
0-0: Foul Ball, location: 2F 0-1: Ball 1-1: Swinging Strike 1-2: Foul Ball, location: 2F 1-2: Ball 2-2: Ball 3-2: Ground out 1-3 (Groundball, 13S)
|
Bottom of the 9th over - 0 run(s), 0 hit(s), 0 error(s), 0 left on base; Tremont 11 - Tortolita 1 |
|